 Dungeon Sprint DCSS version 0.21-a0-104-g7b58145 (webtiles) character file.

474 Kidiri the Martial Artist (level 6, -6/68 HPs)
             Began as a Draconian Transmuter on July 5, 2017.
             Was a Priest of Wu Jian.
             Killed by divine providence
             ... invoked by an orc priest
              (15 damage)
             ... in the Dungeon (Sprint VII: "The Pits").
             The game lasted 00:02:42 (814 turns).

Kidiri the Martial Artist (Draconian Transmuter)     Turns: 814, Time: 00:02:43

Health: -6/68      AC:  5    Str: 13    XL:     6   Next: 84%
Magic:  12/16      EV: 12    Int: 13    God:    Wu Jian [***...]
Gold:   0          SH:  0    Dex: 13    Spells: 4/19 levels left

rFire    x . .     SeeInvis .     - Unarmed
rCold    + + +     Gourm    .   (shield currently unavailable)
rNeg     . . .     Faith    .   (armour unavailable)
rPois    +         Spirit   .   (helmet currently unavailable)
rElec    .         Reflect  .   (cloak currently unavailable)
rCorr    .         Harm     .   (gloves currently unavailable)
MR       .....     NoTele   +   (boots currently unavailable)
Stlth    +.........             (no amulet)
HPRegen  0.21/turn              (no ring)
MPRegen  0.15/turn              (no ring)

@: ice-form
A: unfitting armour, AC +6
a: End Transformation, Renounce Religion


You were in the Dungeon.
You worshipped Wu Jian.
Wu Jian was most pleased with you.
You were not hungry.
You were a creature of crystalline ice.
You visited 1 branch

Inventory:

Missiles
 a - 12 arrows
Scrolls
 i - a scroll of blinking
 k - 3 scrolls of remove curse
 l - 5 scrolls of amnesia
 m - a scroll of summoning
Potions
 e - 6 potions of heal wounds
 f - a potion of haste
 g - 4 potions of magic
 h - 2 potions of berserk rage
 j - 2 potions of invisibility
 p - 5 potions of curing
Books
 b - a book of Changes

   Spells                             Type                      Level
   a - Beastly Appendage              Transmutation                1
   b - Sticks to Snakes               Transmutation                2
   c - Spider Form                    Transmutation/Poison         3
   d - Ice Form                       Ice/Transmutation            4
   e - Blade Hands                    Transmutation                5
Comestibles
 c - 8 bread rations
 n - 40 fruits
 o - 7 meat rations


   Skills:
 + Level 5.7 Fighting
 + Level 5.0 Dodging
 * Level 8.0 Unarmed Combat
 * Level 7.0 Spellcasting
 + Level 5.5 Transmutations
 + Level 3.3 Ice Magic
 + Level 3.4 Poison Magic


You had 4 spell levels left.
You knew the following spells:

 Your Spells              Type           Power        Failure   Level  Hunger
a - Beastly Appendage     Tmut           ###...       1%          1    None
b - Sticks to Snakes      Tmut           ###.....     2%          2    #......
c - Spider Form           Tmut/Pois      ###.......   7%          3    ##.....
d - Ice Form              Ice/Tmut       ###.....     24%         4    ####...
e - Blade Hands           Tmut           ###.......   41%         5    ######.


Dungeon Overview and Level Annotations

Branches:
Dungeon (1/1)

Altars:
Ashenzari
Cheibriados
Dithmenos
Elyvilon
Fedhas
Gozag
Hepliaklqana
Kikubaaqudgha
Makhleb
Nemelex Xobeh
Okawaru
Qazlal
Ru
Sif Muna
Trog
Uskayaw
Vehumet
Wu Jian
Xom
Yredelemnul
Zin
The Shining One
Beogh
Jiyva
Lugonu


Innate Abilities, Weirdness & Mutations

((Your plain brown scales are hard. (AC +6)))
You cannot fit into any form of body armour.
((You are cold-blooded and may be slowed by cold attacks.))


Message History

Unknown command.
You spin and attack the orc priest.
You pummel the orc priest!! You freeze the orc priest.
You kill the orc priest!
The Council accepts your kill.
Your Dodging skill increases to level 5!
Your Unarmed Combat skill increases to level 8!
Your Spellcasting skill increases to level 7!
Unknown command.
You spin and attack the orc priest.
You punch the orc priest! You freeze the orc priest.
The orc priest is almost dead.
The orc priest barely misses you.
Unknown command.
You spin and attack the orc priest.
You hit the orc priest but do no damage.
The orc priest is almost dead.
The orc priest invokes the aid of Beogh against you.
Beogh smites you!
You die...

############
#_________.#
#_________.#
#_______...###########++
##########+##...........
#.?(.+)))+.##......#..#.
##########.##...........
#.......ooY.'...........
#'#####'#####......#..#.
#.#..#..#..##...........
#o#..+..#))#####+#####++
#.#..####))##.......#
#o#..#..#))##.......#
#.#..#..#[[##.......#
#.##+#..#+###...<...#
#.#...)....##.......#


You could see an orc priest and an orc.

Vanquished Creatures
  2 floating eyes (D)
  An ice beast (D)
  A sky beast (D)
  An orc priest (D)
  An iguana (D)
  2 gnolls (D)
  A river rat (D)
  An adder (D)
  A hobgoblin (D)
  A quokka (D)
  A giant cockroach zombie (D)
13 creatures vanquished.

Notes
Turn   | Place    | Note
-------+----------+-------------------------------------------
     0 | D        | Kidiri the Draconian Transmuter began the quest for the Orb.
     0 | D        | Reached XP level 1. HP: 16/16 MP: 3/3
    21 | D        | Reached XP level 2. HP: 24/24 MP: 2/5
    55 | D        | Found a bloodstained altar of Trog.
    55 | D        | Found a deep blue altar of Sif Muna.
    55 | D        | Found a viscous altar of Jiyva.
    55 | D        | Found a hazy altar of Hepliaklqana.
    55 | D        | Found an opulent altar of Gozag.
    56 | D        | Found a glowing golden altar of the Shining One.
    56 | D        | Found a glowing silver altar of Zin.
    56 | D        | Found a basalt altar of Yredelemnul.
    56 | D        | Found a shimmering altar of Xom.
    56 | D        | Found an ornate altar of the Wu Jian Council.
    56 | D        | Found a sacrificial altar of Ru.
    56 | D        | Found a stormy altar of Qazlal.
    56 | D        | Found an iron altar of Okawaru.
    56 | D        | Found a sparkling altar of Nemelex Xobeh.
    56 | D        | Found a burning altar of Makhleb.
    56 | D        | Found a blossoming altar of Fedhas.
    56 | D        | Found a white marble altar of Elyvilon.
    56 | D        | Found a shadowy altar of Dithmenos.
    56 | D        | Found a snail-covered altar of Cheibriados.
    59 | D        | Found a radiant altar of Vehumet.
    59 | D        | Found a corrupted altar of Lugonu.
    59 | D        | Found a roughly hewn altar of Beogh.
    60 | D        | Found a hide-covered altar of Uskayaw.
    60 | D        | Found an ancient bone altar of Kikubaaqudgha.
    60 | D        | Found a shattered altar of Ashenzari.
    66 | D        | Became a worshipper of the Wu Jian Council
   186 | D        | Learned a level 2 spell: Sticks to Snakes
   268 | D        | Noticed a floating eye
   269 | D        | Paralysed by a floating eye for 3 turns
   277 | D        | Reached * piety under Wu Jian
   277 | D        | Reached skill level 4 in Unarmed Combat
   280 | D        | Paralysed by a floating eye for 4 turns
   286 | D        | Killed a floating eye
   286 | D        | Reached skill level 5 in Unarmed Combat
   286 | D        | Reached skill level 5 in Spellcasting
   286 | D        | Reached XP level 3. HP: 28/33 MP: 6/9
   286 | D        | Reached XP level 4. HP: 34/40 MP: 7/11
   306 | D        | Reached skill level 6 in Unarmed Combat
   313 | D        | Learned a level 3 spell: Spider Form
   318 | D        | Learned a level 4 spell: Ice Form
   429 | D        | Noticed a floating eye
   433 | D        | Paralysed by a floating eye for 2 turns
   434 | D        | Reached ** piety under Wu Jian
   434 | D        | Reached XP level 5. HP: 28/46 MP: 9/12
   436 | D        | Killed a floating eye
   442 | D        | Reached skill level 5 in Fighting
   442 | D        | Reached skill level 7 in Unarmed Combat
   442 | D        | Reached XP level 6. HP: 11/56 MP: 10/15
   488 | D        | Learned a level 5 spell: Blade Hands
   778 | D        | Noticed an ice beast
   779 | D        | Noticed a sky beast
   780 | D        | Noticed a warg
   791 | D        | Killed a sky beast
   791 | D        | Reached skill level 5 in Transmutations
   807 | D        | Killed an ice beast
   807 | D        | Reached *** piety under Wu Jian
   811 | D        | Reached skill level 5 in Dodging
   811 | D        | Reached skill level 8 in Unarmed Combat
   814 | D        | Killed from afar by an orc priest

Vault maps used:
D:        pitsprint

Skill      XL: |  1  2  3  4  5  6 |
---------------+-------------------+-----
Dodging        | 2 3 4 5 |  5.0
Fighting       | 4 5 |  5.7
Spellcasting   | 5 6 7 |  7.0
Unarmed Combat | 5 6 7 8 |  8.0
Transmutations | 3 4 5 |  5.5
Ice Magic      | 2 3 |  3.3
Poison Magic   | 2 3 |  3.4

Action                   |  1- 3 |  4- 6 || total
-------------------------+-------+-------++-------
Melee: Unarmed           |    24 |    37 ||    61
       Tailslap          |     3 |     2 ||     5
       Headbutt          |     2 |       ||     2
       Kick              |     1 |     5 ||     6
       Punch             |       |     1 ||     1
 Cast: Beastly Appendage |     2 |     1 ||     3
       Spider Form       |       |     2 ||     2
       Ice Form          |       |     1 ||     1
  Use: Potion            |     2 |       ||     2
Armor: Skin              |     2 |     1 ||     3
Dodge: Dodged            |     7 |    26 ||    33
